 Dungeon Crawl Stone Soup version 0.25.1-2-g60ff931df9 (webtiles) character file.

Game seed: 10490884721576262985

112706 funkygono the Bludgeoner (level 16, -13/105 HPs)
             Began as a Gargoyle Monk on Oct 24, 2020.
             Was the Champion of Okawaru.
             Mangled by a six-headed hydra simulacrum (17 damage)
             ... on level 4 of the Swamp on Oct 25, 2020.
             The game lasted 01:34:38 (31541 turns).

funkygono the Bludgeoner (Gargoyle Monk)           Turns: 31541, Time: 01:34:38

Health: -13/105    AC: 41    Str: 31    XL:     16   Next: 61%
Magic:  6/6        EV:  8    Int: 17    God:    Okawaru [******]
Gold:   2602       SH:  0    Dex: 12    Spells: 15/15 levels left

rFire    . . .     SeeInvis .   a - +8 great mace of Context {antimagic, rElec Int+4}
rCold    + . .     Gourm    .   (shield currently unavailable)
rNeg     + + .     Faith    .   N - +2 crystal plate armour
rPois    ∞         Spirit   .   (no helmet)
rElec    +         Reflect  .   V - +0 cloak of the Stone Wall {Str+5}
rCorr    .         Harm     .   j - +1 pair of gloves {archery}
MR       ++...                  p - +0 pair of boots of Xom's Esteem {rN+ MR+ Regen+ Stlth-}
Stlth    ..........             e - amulet of regeneration
HPRegen  1.07/turn              O - +6 ring of strength
MPRegen  0.10/turn              I - ring of protection from cold

@: flying
A: big wings, negative energy resistance 1, electricity resistance, unbreathing,
petrification resistance, rot immunity, AC +12
a: Stop Flying, Heroism, Finesse, Renounce Religion


You were on level 4 of the Swamp.
You worshipped Okawaru.
Okawaru was exalted by your worship.
You were hungry.

You visited 4 branches of the dungeon, and saw 22 of its levels.
You also visited: Bailey and Gauntlet.

You collected 2602 gold pieces.

Inventory:

Hand Weapons
 a - the +8 great mace of Context (weapon) {antimagic, rElec Int+4}
   (You acquired it in a bailey)

   It reduces the magical energy of the wielder, and disrupts the spells and
   magical abilities of those hit.
   Natural abilities and divine invocations are not affected.
   It affects your intelligence (+4).
   It insulates you from electricity.
 b - a +4 longbow of flaming
 h - the +6 lajatang "Killer Klown's Peril" {holy, rF- rN+ SInv}
   (You found it on level 6 of the Lair of Beasts)

   It has been blessed by the Shining One to cause great damage to the undead
   and demons.
   It makes you vulnerable to fire.
   It protects you from negative energy.
   It lets you see invisible.
 K - the +2 hand axe "Teschi" {venom, +Fly MR+ SInv Stlth-}
   (You found it in a bailey)

   It poisons the flesh of those it strikes.
   It affects your resistance to hostile enchantments.
   It lets you see invisible.
   It lets you fly.
   It makes you less stealthy.
Missiles
 o - 143 arrows
Armour
 g - the +2 scale mail of Wogauv {Dex+4, unknown}
   (You found it on level 3 of the Swamp)

   It affects your dexterity (+4).
 j - a +1 pair of gloves of archery (worn)
 p - the +0 pair of boots of Xom's Esteem (worn) {rN+ MR+ Regen+ Stlth-}
   (You acquired it on level 2 of the Lair of Beasts)

   It protects you from negative energy.
   It affects your resistance to hostile enchantments.
   It increases your rate of regeneration.
   It makes you less stealthy.
 w - a scarf of resistance
 N - a +2 crystal plate armour (worn)
 V - the +0 cloak of the Stone Wall (worn) {Str+5}
   (You found it in a Gauntlet)

   It affects your strength (+5).
 Z - the +0 pair of gloves of Dim Light {rElec Str+3}
   (You found it in a Gauntlet)

   It affects your strength (+3).
   It insulates you from electricity.
Jewellery
 e - an amulet of regeneration (around neck)
 k - a cursed -4 ring of strength
 I - a ring of protection from cold (right hand)
 O - a +6 ring of strength (left hand)
 T - an uncursed amulet of guardian spirit
Wands
 n - a wand of flame (14)
 s - a wand of acid (6)
 x - a wand of iceblast (10)
 A - a wand of disintegration (27)
Scrolls
 d - 2 scrolls of fog
 f - 2 scrolls of blinking
 l - a scroll of amnesia
 m - 6 scrolls of fear
 r - 7 scrolls of remove curse
 y - a scroll of enchant weapon
 C - a scroll of identify
 E - 2 scrolls of teleportation
 L - 4 scrolls of magic mapping
 M - a scroll of holy word
Potions
 i - 5 potions of mutation
 q - 7 potions of curing
 t - 5 potions of haste
 u - 2 potions of invisibility
 v - 2 potions of resistance
 z - 9 potions of lignification
 B - a potion of degeneration {unknown}
Comestibles
 c - 36 rations


   Skills:
 + Level 13.8 Fighting
 + Level 17.2 Maces & Flails
 * Level 14.8 Bows
 + Level 12.4 Armour
 + Level 4.2 Dodging
 - Level 2.1 Stealth
 + Level 3.8 Invocations


You had 15 spell levels left.
You didn't know any spells.
Your spell library contained the following spells:

 Spells                   Type           Power        Failure   Level  Hunger
 Animate Skeleton         Necr           N/A          99%         1    ##.....
 Pain                     Necr           #...         99%         1    ##.....
 Sandblast                Erth           #.....       99%         1    ##.....
 Shock                    Conj/Air       #...         99%         1    ##.....
 Passwall                 Tmut/Erth      #.......     100%        2    ###....
 Shroud of Golubria       Chrm/Tloc      #.....       100%        2    ###....
 Swiftness                Chrm/Air       #.......     100%        2    ###....
 Conjure Flame            Conj/Fire      #.......     100%        3    ####...
 Ignite Poison            Fire/Tmut/Pois #.......     100%        3    ####...
 Mephitic Cloud           Conj/Pois/Air  #.......     100%        3    ####...
 Ozocubu's Armour         Chrm/Ice       #.......     100%        3    ####...
 Recall                   Summ/Tloc      N/A          100%        3    ####...
 Spectral Weapon          Hex/Chrm       #.......     100%        3    ####...
 Spider Form              Tmut/Pois      #.........   100%        3    ####...
 Static Discharge         Conj/Air       #.......     100%        3    ####...
 Stone Arrow              Conj/Erth      #.....       100%        3    ####...
 Vampiric Draining        Necr           #.........   100%        3    ####...
 Airstrike                Air            #.........   100%        4    #####..
 Animate Dead             Necr           N/A          100%        4    #####..
 Olgreb's Toxic Radiance  Pois           #.......     100%        4    #####..
 Petrify                  Tmut/Erth      #.......     100%        4    #####..
 Summon Lightning Spire   Summ/Air       #.......     100%        4    #####..
 Agony                    Necr           #.......     100%        5    ######.
 Alistair's Intoxication  Tmut/Pois      #.......     100%        5    ######.
 Borgnjor's Vile Clutch   Necr/Erth      #.........   100%        5    ######.
 Fireball                 Conj/Fire      #.........   100%        5    ######.
 Iskenderun's Battlesphe  Conj/Chrm      #.......     100%        5    ######.
 Lee's Rapid Deconstruct  Erth           #.........   100%        5    ######.
 Lightning Bolt           Conj/Air       #.........   100%        5    ######.
 Silence                  Hex/Air        #.........   100%        5    ######.
 Yara's Violent Unravell  Hex/Tmut       #.........   100%        5    ######.
 Conjure Ball Lightning   Conj/Air       #.........   100%        6    #######
 Death Channel            Necr           #.........   100%        6    #######
 Eringya's Noxious Bog    Tmut/Pois      #.........   100%        6    #######
 Simulacrum               Ice/Necr       #.........   100%        6    #######
 Dragon Form              Tmut           #.........   100%        7    #######
 Ignition                 Fire           #.........   100%        8    #######
 Tornado                  Air            #.........   100%        9    #######


Dungeon Overview and Level Annotations

Branches:
Dungeon (10/15)            Temple (0/1) D:4            Lair (6/6) D:10
  Swamp (4/4) Lair:3       Spider (0/4) Lair:2        Slime (0/5) Lair:6
    Orc (2/2) D:10            Elf (0/3) Orc:2        Bailey (visited)
Gauntlet (visited)

Altars:
Ashenzari
Cheibriados
Dithmenos
Hepliaklqana
Kikubaaqudgha
Makhleb
Nemelex Xobeh
Okawaru
Qazlal
Ru
Sif Muna
Trog
Uskayaw
Wu Jian
Yredelemnul
Zin
Jiyva

Shops:
D:9 [   Orc:2 }!(!

Annotations:
Lair:5 exclusion: 3 oklob plants


Innate Abilities, Weirdness & Mutations

You are resistant to torment.
Your stone body is resilient. (AC +12)
You are immune to poison.
Your large and strong wings let you fly indefinitely.
You resist negative energy. (rN+)
You are resistant to electric shocks. (rElec)
You can survive without breathing.
You are immune to petrification.
You are immune to rotting.


Message History

You beat the six-headed hydra simulacrum like a drum!!!
The six-headed hydra simulacrum vapourises!
Okawaru accepts your kill.
You bludgeon the six-headed hydra simulacrum!!
The six-headed hydra simulacrum is almost destroyed.
You feel like a meek peon again.
The six-headed hydra simulacrum bites you.
* * * LOW HITPOINT WARNING * * *
The six-headed hydra simulacrum freezes you!!
You resist.
* * * LOW HITPOINT WARNING * * *
The six-headed hydra simulacrum bites you but does no damage.
The six-headed hydra simulacrum barely misses you.
The six-headed hydra simulacrum completely misses you.
The six-headed hydra simulacrum bites you but does no damage.
The six-headed hydra simulacrum bites you.
* * * LOW HITPOINT WARNING * * *
The six-headed hydra simulacrum freezes you!
You resist.
You die...

... ..♣♣≈. ♣... ♣♣≈..§
♣♣..≈♣♣.≈≈.≈ ♣.≈≈♣≈..≈≈≈≈
♣≈≈≈♣♣≈.≈≈≈≈ ♣♣♣♣ ♣..)♣.≈≈.≈≈
♣≈≈♣♣ ♣♣♣♣...≈≈.≈♣≈ ##
♣♣≈≈♣♣♣♣♣♣♣♣.........♣♣♣ ##○#
#≈≈...☼@♣♣..♣♣......≈♣..
#..(#♣#≈†≈Z.Z...♣≈....≈≈...♣♣.
#.#°☼○(†(≈≈≈≈≈≈...≈.≈≈.≈≈≈§.§.
♣°#(#.≈≈.≈≈≈≈≈≈≈≈≈≈♣≈.≈≈≈≈...
#(.#♣#♣≈.≈≈≈≈≈≈≈≈≈.≈..≈≈≈≈≈≈≈
#$.# #≈.≈≈.≈≈≈≈≈≈≈<.....≈≈≈≈≈
#..# ♣♣..♣≈.§≈≈≈≈≈♣.≈♣♣.≈≈≈≈≈
#.Z# ♣≈≈..♣.≈≈≈≈≈≈.♣♣♣♣≈.≈≈≈≈
##.. ♣♣≈≈..≈≈≈≈≈≈..♣♣♣ ≈.≈≈≈


You could see 2 six-headed hydra simulacra.

Vanquished Creatures
  A tentacled monstrosity (Swamp:4)
  2 thorn hunters
  An orc warlord (Orc:2)
  A minotaur (Gauntlet)
  5 dire elephants (Lair:6)
  4 ogre magi (Orc:2)
  The ghost of Wuvuatt the Impaler, a journeyman MiBe of Trog (Lair:2)
  18 hydras
  Harold (D:7)
  2 ghost crabs (Swamp:2)
  15 alligators
  An anaconda (Lair:6)
  A queen ant (Lair:2)
  A death yak (Lair:5)
  16 two-headed ogres
  A soul eater (Gauntlet)
  2 spriggan druids (Swamp:4)
  2 swamp dragons (Swamp:2)
  A lindwurm (Lair:2)
  3 orc knights
  6 ugly things (Swamp:4)
  3 orc sorcerers
  6 black mambas
  4 elephants (Lair:6)
  15 spiny frogs
  A kobold demonologist (Bailey)
  3 rime drakes
  4 freezing wraiths (Swamp:4)
  6 komodo dragons
  7 trolls
  2 polar bears
  7 tyrant leeches
  3 hornets
  10 blink frogs
  6 dream sheep (Lair:5)
  5 bog bodies
  20 slime creatures
  6 hippogriffs
  3 spriggans
  2 shadows
  A tarantella (Lair:2)
  2 hogs (D:8)
  2 wyverns
  A human (D:8)
  31 yaks
  A basilisk (Lair:1)
  3 fire bats (Lair:5)
  A hungry ghost (D:7)
  20 vampire mosquitoes
  5 swamp worm simulacra (Swamp:4)
  6 wargs
  The ghost of Zeloya the Sneak, an amateur KoAs (D:3)
  13 swamp worms
  8 insubstantial wisps
  5 hydra simulacra (Swamp:4)
  10 water moccasins
  20 soldier ants (Lair:2)
  7 porcupines
  3 sky beasts
  10 swamp drakes
  2 ice beasts
  A black bear (D:10)
  A hornet zombie (D:7)
  29 orc warriors
  3 phantoms
  22 ogres
  3 centaurs
  14 wolves
  10 crocodiles
  16 bullfrogs
  A wyvern zombie (D:10)
  3 scorpions
  A water moccasin skeleton (D:10)
  13 killer bees
  4 wights (D:8)
  6 electric eels
  3 crimson imps
  A quasit (D:10)
  3 jellies
  12 hounds
  15 orc priests
  A bullfrog skeleton (D:7)
  A gnoll shaman (D:10)
  3 iguanas
  Ijyb (D:4)
  21 orc wizards
  25 worker ants
  A hound zombie (D:6)
  A worker ant zombie (D:8)
  13 gnolls
  A howler monkey skeleton (D:6)
  9 adders
  4 shadow imps (Gauntlet)
  3 oozes
  3 swamp drake simulacra (Swamp:4)
  An adder zombie (D:9)
  3 worms (D:3)
  A dart slug (D:4)
  7 leopard geckos
  73 orcs
  A bat (D:2)
  5 giant cockroaches
  2 gnoll zombies (D:6)
  18 hobgoblins
  9 jackals
  8 kobolds
  7 quokkas
  3 frilled lizards
  10 goblins
  A leopard gecko skeleton (D:6)
  A quokka zombie (D:8)
  8 rats
  A briar patch (Swamp:2)
  A fungus (Lair:2)
  6 plants
764 creatures vanquished.

Vanquished Creatures (others)
  An azure jelly (Swamp:4)
  2 hornets
  A tyrant leech (Swamp:4)
  2 bog bodies (Swamp:3)
  A spriggan (Swamp:2)
  An insubstantial wisp (Swamp:3)
  2 swamp drakes (Swamp:3)
  A human (D:3)
  An orc wizard (Orc:1)
  4 briar patches (Swamp:2)
  A fungus (Lair:6)
  13 plants
30 creatures vanquished.

Grand Total: 794 creatures vanquished

Notes
Turn   | Place    | Note
-------+----------+-------------------------------------------
     0 | D:1      | funkygono the Gargoyle Monk began the quest for the Orb.
     0 | D:1      | Reached XP level 1. HP: 14/14 MP: 1/1
   198 | D:1      | Reached XP level 2. HP: 18/19 MP: 2/2
   523 | D:2      | Reached XP level 3. HP: 24/24 MP: 3/3
   713 | D:2      | Found a shattered altar of Ashenzari.
   848 | D:2      | Found a hide-covered altar of Uskayaw.
   857 | D:2      | Reached XP level 4. HP: 29/29 MP: 4/4
   918 | D:2      | Found a sacrificial altar of Ru.
   918 | D:2      | Found an iron altar of Okawaru.
   922 | D:2      | Became a worshipper of Warmaster Okawaru
   922 | D:2      | Reached * piety under Okawaru
   922 | D:2      | Reached ** piety under Okawaru
  1151 | D:3      | Reached skill level 4 in Maces & Flails
  1154 | D:3      | Found a runed translucent gate.
  1164 | D:3      | Found a runed translucent gate.
  1165 | D:3      | Found a runed translucent gate.
  1166 | D:3      | Noticed a two-headed ogre
  1167 | D:3      | Noticed Zeloya's ghost (amateur KoAs)
  1242 | D:3      | Reached skill level 1 in Armour
  1274 | D:3      | Found a hazy altar of Hepliaklqana.
  1503 | D:3      | Found an ancient bone altar of Kikubaaqudgha.
  1503 | D:3      | Noticed a human
  1642 | D:3      | Reached XP level 5. HP: 30/33 MP: 5/5
  1745 | D:3      | Found a faded altar of an unknown god.
  2088 | D:3      | Killed a human
  2338 | D:4      | Reached skill level 5 in Maces & Flails
  2454 | D:4      | Noticed an ogre
  2455 | D:4      | Reached XP level 6. HP: 39/39 MP: 3/6
  2756 | D:4      | Found a sparkling altar of Nemelex Xobeh.
  2769 | D:4      | Noticed Ijyb
  2789 | D:4      | Killed Ijyb
  2789 | D:4      | Reached skill level 6 in Maces & Flails
  2789 | D:4      | Reached XP level 7. HP: 3/44 MP: 3/7
  2873 | D:4      | Found a staircase to the Ecumenical Temple.
  2953 | D:4      | Found a snail-covered altar of Cheibriados.
  3110 | D:5      | Entered Level 5 of the Dungeon
  3235 | D:5      | Found an ornate altar of the Wu Jian Council.
  3439 | D:5      | Reached *** piety under Okawaru
  3439 | D:5      | Reached skill level 5 in Fighting
  3500 | D:5      | Reached skill level 1 in Invocations
  3561 | D:5      | Reached skill level 7 in Maces & Flails
  3597 | D:5      | Got a bronze ring mail
  3608 | D:5      | Identified the cursed +0 ring mail of the Desert {Int+5}
                  | (You found it on level 5 of the Dungeon)
  3908 | D:5      | Reached XP level 8. HP: 49/49 MP: 8/8
  4322 | D:6      | Found a burning altar of Makhleb.
  4562 | D:6      | Reached skill level 8 in Maces & Flails
  4791 | D:6      | Found a basalt altar of Yredelemnul.
  4899 | D:7      | Noticed Harold
  4948 | D:7      | Killed Harold
  4948 | D:7      | Reached **** piety under Okawaru
  4948 | D:7      | Reached skill level 9 in Maces & Flails
  4948 | D:7      | Reached skill level 5 in Armour
  4948 | D:7      | Reached XP level 9. HP: 34/56 MP: 7/10
  5454 | D:7      | Found a stormy altar of Qazlal.
  5586 | D:7      | Found a shadowy altar of Dithmenos.
  5851 | D:8      | Found a flagged portal.
  5896 | Bailey   | Entered a bailey
  6039 | Bailey   | Noticed a kobold demonologist
  6055 | Bailey   | Killed a kobold demonologist
  6055 | Bailey   | Reached skill level 10 in Maces & Flails
  6055 | Bailey   | Reached XP level 10. HP: 63/63 MP: 9/12
  6080 | Bailey   | Found an iron altar of Okawaru.
  6098 | Bailey   | Noticed an orc sorcerer
  6134 | Bailey   | Killed an orc sorcerer
  6253 | Bailey   | Reached skill level 1 in Bows
  6462 | Bailey   | Got a transparent hand axe
  6585 | Bailey   | Noticed an orc knight
  6703 | Bailey   | Killed an orc knight
  7164 | Bailey   | Acquired the +8 great mace of Context {antimagic, rElec
                  | Int+4}
  7168 | Bailey   | Identified the +2 hand axe "Teschi" {venom, +Fly MR+ SInv
                  | Stlth-} (You found it in a bailey)
  7408 | D:8      | Noticed a two-headed ogre
  7423 | D:8      | Killed a two-headed ogre
  7423 | D:8      | Reached ***** piety under Okawaru
  7423 | D:8      | Received a gift from Okawaru
  7423 | D:8      | Reached skill level 11 in Maces & Flails
  7535 | D:8      | Reached XP level 11. HP: 68/69 MP: 4/13
  7959 | D:8      | Found a shimmering blue altar of Sif Muna.
  8128 | D:8      | Found a bloodstained altar of Trog.
  8253 | D:8      | Got a bone hand axe
  8256 | D:8      | Identified the +9 hand axe of Gakkiw {holy, rElec Int+4}
                  | (You found it on level 8 of the Dungeon)
  8440 | D:3      | Killed a two-headed ogre
  8440 | D:3      | Received a gift from Okawaru
  8448 | D:3      | Killed Zeloya's ghost
  8864 | D:9      | Reached skill level 5 in Bows
  8865 | D:9      | Found Leno's Antique Armour Shoppe.
  9128 | D:9      | Identified the Almanac of Fiery Contamination
  9208 | D:9      | Found a glowing silver altar of Zin.
  9373 | D:9      | Found a stormy altar of Qazlal.
  9934 | D:10     | Entered Level 10 of the Dungeon
  9934 | D:10     | Noticed a two-headed ogre
  9945 | D:10     | Killed a two-headed ogre
  9954 | D:10     | Reached skill level 12 in Maces & Flails
 10304 | D:10     | Found a staircase to the Lair.
 10952 | D:10     | Found a staircase to the Orcish Mines.
 11631 | Lair:1   | Entered Level 1 of the Lair of Beasts
 11807 | Lair:1   | Reached XP level 12. HP: 76/76 MP: 14/14
 11969 | Lair:1   | Noticed an eight-headed hydra
 11976 | Lair:1   | Killed an eight-headed hydra
 12277 | Lair:1   | Received a gift from Okawaru
 13007 | Lair:2   | Found a hole to the Spider Nest.
 13883 | Lair:2   | Found a runed translucent door.
 14377 | Lair:2   | Noticed a queen ant
 14401 | Lair:2   | Killed a queen ant
 14401 | Lair:2   | Received a gift from Okawaru
 14410 | Lair:2   | Reached skill level 10 in Fighting
 14598 | Lair:2   | Reached skill level 13 in Maces & Flails
 15255 | Lair:2   | Noticed a five-headed hydra
 15268 | Lair:2   | Killed a five-headed hydra
 15384 | Lair:2   | Reached XP level 13. HP: 38/83 MP: 5/15
 16179 | Lair:2   | Noticed Wuvuatt's ghost (journeyman MiBe)
 16203 | Lair:2   | Killed Wuvuatt's ghost
 16210 | Lair:2   | Got a scintillating marble ring
 16222 | Lair:2   | Identified the ring "Kaocziti" {*Tele Dex+4} (You found it
                  | on level 2 of the Lair of Beasts)
 16231 | Lair:2   | Acquired the +0 pair of boots of Xom's Esteem {rN+ MR+
                  | Regen+ Stlth-}
 16301 | Lair:3   | Reached skill level 10 in Bows
 16353 | Lair:3   | Reached skill level 10 in Armour
 16456 | Lair:3   | Found a staircase to the Swamp.
 16681 | Lair:3   | Found a gate leading to a gauntlet.
 16761 | Gauntlet | Entered a Gauntlet
 16761 | Gauntlet | Found a transporter.
 16765 | Gauntlet | Found a transporter.
 16769 | Gauntlet | Found a transporter.
 16775 | Gauntlet | Found a transporter.
 16782 | Gauntlet | Found a transporter.
 16786 | Gauntlet | Found a transporter.
 16792 | Gauntlet | Found a transporter.
 16795 | Gauntlet | Found a transporter.
 16799 | Gauntlet | Found a transporter.
 16804 | Gauntlet | Found a transporter.
 16814 | Gauntlet | Found a transporter.
 16815 | Gauntlet | Found a transporter.
 16820 | Gauntlet | Found a transporter.
 16825 | Gauntlet | Found a transporter.
 16950 | Gauntlet | Noticed a minotaur
 16964 | Gauntlet | Killed a minotaur
 16964 | Gauntlet | Reached skill level 14 in Maces & Flails
 16974 | Gauntlet | Got a masterwork quarterstaff
 16974 | Gauntlet | Got a heavily runed cloak
 16974 | Gauntlet | Got a transparent robe
 16976 | Gauntlet | Identified Akalout's Tome of Changing
 16979 | Gauntlet | Identified Qiddups's Disquisition on Enhancements and Fire
 16983 | Gauntlet | Got a pair of ichor-stained gloves
 17091 | Lair:3   | Identified the +0 pair of gloves of Dim Light {rElec Str+3}
                  | (You found it in a Gauntlet)
 17101 | Lair:3   | Identified the cursed +0 cloak of the Stone Wall {Str+5}
                  | (You found it in a Gauntlet)
 17106 | Lair:3   | Identified the cursed +0 robe of Proximity {MP+9 Str+6
                  | Dex-5 SInv} (You found it in a Gauntlet)
 17106 | Lair:3   | Identified the cursed +0 quarterstaff "Soojoa" {pain, Str+4
                  | Int+4 Dex+4} (You found it in a Gauntlet)
 17581 | Lair:4   | Received a gift from Okawaru
 18893 | Lair:5   | Reached ****** piety under Okawaru
 18893 | Lair:5   | Received a gift from Okawaru
 19752 | Lair:5   | Gained mutation: Your large and strong wings let you fly
                  | indefinitely. [Gargoyle growth]
 19752 | Lair:5   | Reached XP level 14. HP: 79/90 MP: 5/16
 20562 | Lair:6   | Entered Level 6 of the Lair of Beasts
 20903 | Lair:6   | Found a viscous altar of Jiyva.
 20903 | Lair:6   | Found a staircase to the Slime Pits.
 21097 | Lair:6   | Reached skill level 15 in Maces & Flails
 21497 | Lair:6   | Received a gift from Okawaru
 21848 | Lair:6   | Noticed a dire elephant
 21856 | Lair:6   | Killed a dire elephant
 21856 | Lair:6   | Received a gift from Okawaru
 21960 | Lair:6   | Noticed a dire elephant
 21960 | Lair:6   | Noticed a dire elephant
 21974 | Lair:6   | Killed a dire elephant
 21981 | Lair:6   | Killed a dire elephant
 22488 | Orc:1    | Entered Level 1 of the Orcish Mines
 22936 | Orc:2    | Entered Level 2 of the Orcish Mines
 23178 | Orc:2    | Received a gift from Okawaru
 23229 | Orc:2    | Received a gift from Okawaru
 23323 | Orc:2    | Received a gift from Okawaru
 23354 | Orc:2    | Reached XP level 15. HP: 97/97 MP: 9/17
 23632 | Orc:2    | Found Fujese's Distillery.
 23632 | Orc:2    | Found Qien's Gadget Shop.
 23633 | Orc:2    | Found Zammil's Distillery.
 23633 | Orc:2    | Found Aciwnuh's Weapon Shoppe.
 23658 | Orc:2    | Noticed an orc warlord
 23674 | Orc:2    | Killed an orc warlord
 23806 | Orc:2    | Found a staircase to the Elven Halls.
 24471 | Orc:1    | Reached skill level 16 in Maces & Flails
 24993 | Lair:6   | Got a slimy great sword
 24995 | Lair:6   | Got a polished lajatang
 24999 | Lair:6   | Identified the cursed +0 great sword of Spite {venom, rElec
                  | rPois Stlth+} (You found it on level 6 of the Lair of
                  | Beasts)
 25000 | Lair:6   | Identified the +6 lajatang "Killer Klown's Peril" {holy,
                  | rF- rN+ SInv} (You found it on level 6 of the Lair of
                  | Beasts)
 25070 | Lair:6   | Received a gift from Okawaru
 25257 | Swamp:1  | Entered Level 1 of the Swamp
 27188 | Swamp:2  | Noticed a thorn hunter
 27488 | Swamp:2  | Found a transporter.
 27632 | Swamp:2  | Found a transporter.
 28124 | Swamp:2  | Killed a thorn hunter
 28689 | Swamp:2  | Reached XP level 16. HP: 38/104 MP: 6/18
 29298 | Swamp:3  | Received a gift from Okawaru
 29487 | Swamp:3  | Got a crude scale mail
 29772 | Swamp:3  | Received a gift from Okawaru
 29777 | Swamp:3  | Reached skill level 17 in Maces & Flails
 30445 | Swamp:4  | Entered Level 4 of the Swamp
 30527 | Swamp:4  | Noticed a tentacled monstrosity
 30541 | Swamp:4  | Killed a tentacled monstrosity
 30578 | Swamp:4  | Killed an azure jelly
 30738 | Swamp:4  | Noticed a thorn hunter
 30745 | Swamp:4  | Killed a thorn hunter
 31049 | Swamp:4  | Received a gift from Okawaru
 31503 | Swamp:4  | Received a gift from Okawaru
 31541 | Swamp:4  | HP: 5/105 [six-headed hydra simulacrum (19)]
 31541 | Swamp:4  | Mangled by a six-headed hydra simulacrum

Illustrated notes

Levels and vault maps discovered:
D:1:      ebering_trefoil_twist, layout_basic, minmay_misc_feat_four_crosses
D:2:      layout_rooms, eat_drink_and_be_merry_uskayaw, evilmike_ruin_ashenzari,
          gammafunk_temple_overflow_wave
D:3:      wander_river, layout_basic, nicolae_overflow_crystal_walls,
          first_ration, gammafunk_ghost_split, chequers_ecumenical_altar_island,
          tgw_kikubaaqudgha
D:4:      layout_basic, kennysheep_mini_moat,
          minmay_temple_entry_gardened_gates, kennysheep_slug_shrine, uniq_ijyb
D:5:      layout_cave_pods, lemuel_crystal_altar, kennysheep_generic_room_13
D:6:      layout_cave_pools, bloody_makhleb, lemuel_zombie_altar_yredelemnul
D:7:      layout_basic, kennysheep_mini, basic_altar, uniq_harold
D:8:      layout_rooms, lemuel_doored_altar, enter_bailey_2, grunt_livestock,
          led_sif_book
D:9:      layout_basic, lemuel_crystal_altar, nicolae_qazlal_eye_of_the_storm,
          serial_shops, shop
D:10:     layout_rooms, erik_lair_island, david_orc_1_choice
Lair:1:   layout_loops_ring, serial_bayou_crossing
Lair:2:   cheibrodos_lair_overgrown_chateau, layout_small_grid,
          spider_nest_entry_rubble, ebering_ghost_reflecting_pool, minivault_29
Lair:3:   layout_roguey, minmay_swamp_entry_wisps, gauntlet_entry_generic,
          st_stairs_10
Lair:4:   layout_hall_layers, serial_bayou_pond_a, guppyfry_lair_drakes
Lair:5:   cheibrodos_lair_river_kwai, layout_long_grid,
          nicolae_volcano_entry_batcave, grunt_forest_large_clearing_hut,
          grunt_megastairs_5, minmay_lair_oklob_chamber
Lair:6:   due_jungle_book, layout_long_grid, slime_altar_1,
          nicolae_quartered_pool_super, lemuel_fruit_fields
Swamp:1:  layout_basic_swamp, nicolae_swamp_trees_clearing
Swamp:2:  gammafunk_the_bubble [the_bubble_gammafunk_crates],
          layout_basic_swamp, evilmike_swamp_ruin_house_3,
          infiniplex_staircase_pool
Swamp:3:  layout_falls_marsh, evilmike_swamp_ruin_house_4, swamp_pool5
Swamp:4:  swamp_icy, layout_basic_swamp, swamp_pool3
Orc:1:    layout_caves
Orc:2:    st_orc_ogre_mass, layout_caves, small_statue_alley_c

Skill      XL: |  1  2  3  4  5  6  7  8  9 10 11 12 13 14 15 16 |
---------------+-------------------------------------------------+-----
Maces & Flails | 4 5 6 7 9 10 11 12 13 14 15 16 17 | 17.2
Fighting       | 4 5 6 7 8 9 10 11 12 13 | 13.8
Armour         | 1 2 3 5 7 8 9 10 11 12 | 12.4
Dodging        | 3 4 |  4.2
Invocations    | 1 2 3 |  3.8
Bows           | 3 7 9 11 12 14 | 14.8
Stealth        | |  2.1

Action                   |  1- 3 |  4- 6 |  7- 9 | 10-12 | 13-15 | 16-18 || total
-------------------------+-------+-------+-------+-------+-------+-------++-------
Melee: Mace              |   118 |   244 |   557 |   245 |       |       ||  1164
       Punch             |       |     2 |     3 |     6 |       |       ||    11
       Great mace        |       |       |       |   425 |   799 |   164 ||  1388
 Fire: Shortbow          |       |       |     4 |   346 |   194 |       ||   544
       Longbow           |       |       |       |       |   217 |   116 ||   333
Throw: Stone             |       |     3 |    12 |     1 |       |       ||    16
Invok: Heroism           |       |     4 |    23 |    16 |    16 |     4 ||    63
       Finesse           |       |       |       |       |     1 |       ||     1
 Abil: Fly               |       |       |       |       |     1 |       ||     1
  Use: Scroll            |     3 |     7 |    13 |     6 |    17 |     6 ||    52
       Potion            |       |       |     2 |     4 |     3 |     3 ||    12
 Stab: Invisible         |       |       |       |     1 |       |       ||     1
       Confused          |       |       |       |       |       |     2 ||     2
  Eat: Chunk             |       |     7 |     7 |    25 |    30 |       ||    69
       Ration            |       |       |     2 |     1 |     4 |     2 ||     9
Armor: Chain mail        |    90 |   179 |   434 |    48 |       |       ||   751
       Plate armour      |       |       |       |   419 |   906 |    50 ||  1375
       Crystal plate arm |       |       |       |       |       |   356 ||   356
Dodge: Dodged            |    52 |    89 |   284 |   338 |   556 |   140 ||  1459
